 Dungeon Crawl Stone Soup version 0.19.5 (webtiles) character file.

35541 Gargoyl the Protected (level 13, -5/111 HPs)
             Began as a Ghoul Abyssal Knight on Apr 19, 2017.
             Was a High Priest of Lugonu.
             Slain by an eight-headed hydra (10 damage)
             ... on level 6 of the Lair of Beasts.
             The game lasted 00:50:53 (19110 turns).

Gargoyl the Protected (Ghoul Abyssal Knight)       Turns: 19110, Time: 00:50:55

Health: -5/111     AC: 21    Str: 17      XL:     13   Next: 84%
Magic:  20/20      EV:  6    Int:  7      God:    Lugonu [*****.]
Gold:   981        SH: 11    Dex: 23 (24) Spells: 0 memorised, 12 levels left

rFire  . . .     SeeInvis .     h - +3 spear (venom)
rCold  . . .     Gourm    .     C - +0 plate armour
rNeg   + + +     Faith    .     o - +0 shield
rPois  ∞         Spirit   .     (no helmet)
rElec  .         Reflect  .     S - +0 cloak "Gues" {+Fly rC- Dex+5}
rCorr  .         Harm     .     A - +1 pair of gloves
MR     .....                    d - +0 pair of boots
Stlth  ..........               z - amulet of regeneration
                                g - +3 ring of dexterity
                                m - +4 ring of dexterity

@: rotting
A: rotting body, claws 1, carnivore 3, cold resistance 1, negative energy
resistance 3, slow regeneration 1, torment resistance, unbreathing
a: Depart the Abyss, Bend Space, Banish, Corrupt, Enter the Abyss, Renounce
Religion, Evoke Flight


You were on level 6 of the Lair of Beasts.
You worshipped Lugonu.
Lugonu was extremely pleased with you.
You were not hungry.

You visited 2 branches of the dungeon, and saw 17 of its levels.
You visited the Abyss 1 time.
You also visited: Ossuary.

You collected 1234 gold pieces.
You spent 253 gold pieces at shops.

Inventory:

Hand Weapons
 a - a +2 hand axe
 h - a +3 spear of venom (weapon)
 p - a +0 war axe
 E - a +3 spear
Missiles
 N - 5 tomahawks (quivered)
Armour
 d - a +0 pair of boots (worn)
 o - a +0 shield (worn)
 A - a +1 pair of gloves (worn)
 C - a +0 plate armour (worn)
 S - the +0 cloak "Gues" (worn) {+Fly rC- Dex+5}
   (You acquired it on level 11 of the Dungeon)

   It affects your dexterity (+5).
   It makes you vulnerable to cold.
   It lets you fly.
Jewellery
 b - an uncursed ring of protection from cold {unknown}
 e - an uncursed ring of magical power
 g - a +3 ring of dexterity (right hand)
 l - an uncursed ring of fire
 m - a +4 ring of dexterity (left hand)
 z - an amulet of regeneration (around neck)
Wands
 j - a wand of lightning (2/15)
 B - a wand of random effects (19/48)
 H - a wand of paralysis (14/24)
 L - a wand of acid (7/15)
 O - a wand of heal wounds (6/9)
 Q - a wand of iceblast (6/15)
Scrolls
 r - a scroll of teleportation
 s - 3 scrolls of fog
 v - 4 scrolls of remove curse
 M - 4 scrolls of amnesia
 P - 2 scrolls of recharging
Potions
 k - 3 potions of cancellation
 n - 2 potions of haste
 q - 6 potions of brilliance
 u - a potion of resistance
 D - a potion of agility
 G - a potion of flight
 J - a potion of magic
Books
 i - a book of Transfigurations

   Spells                             Type                      Level
   a - Irradiate                      Conjuration/Transmutation    5
   b - Statue Form                    Transmutation/Earth          6
   c - Hydra Form                     Transmutation                6
   d - Dragon Form                    Transmutation                7
 F - a book of Battle

   Spells                             Type                      Level
   a - Infusion                       Charms                       1
   b - Shroud of Golubria             Charms/Translocation         2
   c - Song of Slaying                Charms                       2
   d - Spectral Weapon                Hexes/Charms                 3
   e - Regeneration                   Charms/Necromancy            3
 I - the Incunabulum of Poison
   (You found it on level 8 of the Dungeon)

   Spells                             Type                      Level
   a - Spider Form                    Transmutation/Poison         3
   b - Alistair's Intoxication        Transmutation/Poison         5
   c - Poisonous Cloud                Conjuration/Poison/Air       6
 K - a book of Conjurations

   Spells                             Type                      Level
   a - Magic Dart                     Conjuration                  1
   b - Searing Ray                    Conjuration                  2
   c - Dazzling Spray                 Conjuration/Hexes            3
   d - Fulminant Prism                Conjuration/Hexes            4
   e - Iskenderun's Mystic Blast      Conjuration                  4
   f - Iskenderun's Battlesphere      Conjuration/Charms           5
Comestibles
 c - 8 meat rations
 w - 6 beef jerkies
 x - a slice of pizza
 T - 2 royal jellies


   Skills:
 + Level 9.4 Fighting
 + Level 5.1(8.0) Axes
 + Level 9.6(10.1) Polearms
 + Level 0.5 Throwing
 * Level 12.0 Armour
 + Level 2.6 Dodging
 + Level 7.4 Shields
 * Level 11.4 Invocations
 + Level 1.0 Evocations


You had 12 spell levels left.
You didn't know any spells.

Dungeon Overview and Level Annotations

Branches:
Dungeon (11/15)            Temple (0/1) D:6            Lair (6/6) D:11
 Shoals (0/4) Lair:2        Snake (0/4) Lair:4        Slime (0/5) Lair:5
    Orc (0/2) D:9

Altars:
Cheibriados
Dithmenos
Elyvilon
Gozag
Nemelex Xobeh
Qazlal
Ru
Sif Muna
Trog
Xom
Yredelemnul
The Shining One

Shops:
D:6 !%[=*   D:9 }

Annotations:
D:9 Maurice
Abyss:1 Harold


Innate Abilities, Weirdness & Mutations

Your body is rotting away.
You thrive on raw meat.
You are immune to poison.
You have sharp fingernails.
You are carnivorous and can eat meat at any time.
Your flesh is cold resistant. (rC+)
You are immune to negative energy. (rN+++)
You regenerate slowly when monsters are visible.
You are immune to unholy pain and torment.
You can survive without breathing.


Message History

* * * LOW HITPOINT WARNING * * *
You block the eight-headed hydra's attack.
The eight-headed hydra barely misses you.
The eight-headed hydra bites you.
* * * LOW HITPOINT WARNING * * *
The eight-headed hydra bites you but does no damage.
You hit the eight-headed hydra.
The eight-headed hydra looks as sick as possible!
The eight-headed hydra is almost dead.
The eight-headed hydra bites you but does no damage. x2
The eight-headed hydra barely misses you.
The eight-headed hydra bites you.
* * * LOW HITPOINT WARNING * * *
The eight-headed hydra bites you but does no damage.
The eight-headed hydra bites you.
* * * LOW HITPOINT WARNING * * *
The eight-headed hydra bites you.
* * * LOW HITPOINT WARNING * * *
The eight-headed hydra bites you!
You die...

.........##..#...###.
..........#.............
........................
..#.....................
.###............. ......
.# #............##......
######......P...........
..##........#...#......P
................@.......
...#.............D......
................#.(.....
....)..........)#.......
...P.#..<..............#
.......................(
.......................(
....................#..(
..PP...P..P.......##.#P


You could see an eight-headed hydra.

Vanquished Creatures
  Kirke (Lair:4)
  Nessos (Lair:4)
  5 hydras
  3 death yaks (Lair:4)
  Urug (Lair:4)
  2 hill giants
  A wolf spider (D:9)
  A siren (Lair:2)
  6 black mambas
  2 rime drakes (Lair:4)
  A centaur skeleton (D:5)
  4 spiny frogs
  An efreet (D:9)
  3 komodo dragons
  A troll (D:8)
  12 blink frogs
  5 hippogriffs
  4 wyverns
  A shadow (D:11)
  A spriggan (D:8)
  26 yaks
  Sigmund (D:5)
  A basilisk (Lair:2)
  Grum (D:9)
  A hog (Lair:4)
  2 hungry ghosts
  2 hell hounds (D:11)
  9 water moccasins
  12 porcupines
  An ice beast (D:9)
  3 sky beasts
  A phantom (D:7)
  2 black bears
  3 orc warriors
  8 wolves
  3 centaurs
  4 ogres
  9 crocodiles
  2 big kobolds
  An elf zombie (Ossuary)
  12 bullfrogs
  A gnoll sergeant (D:5)
  A water moccasin zombie (D:7)
  5 scorpions
  7 wights
  6 killer bees (D:9)
  A howler monkey (D:8)
  An electric eel (Lair:4)
  4 crimson imps
  5 hounds
  4 bullfrog zombies
  2 quasits
  7 orc priests
  4 centaur zombies
  2 human zombies (Ossuary)
  3 jellies
  A gnoll shaman (D:10)
  6 orc wizards
  4 bullfrog skeletons
  A hell rat (Lair:6)
  3 iguanas
  9 worker ants
  A killer bee zombie (D:10)
  2 big kobold zombies (Ossuary)
  2 hound zombies (Ossuary)
  3 mummies (Ossuary)
  2 worker ant zombies
  A howler monkey zombie (D:7)
  14 adders
  21 gnolls
  6 shadow imps
  3 oozes
  2 adder zombies (Ossuary)
  4 adder skeletons
  6 worms
  12 dart slugs
  5 leopard geckos
  40 orcs
  7 bats
  2 giant cockroaches (D:2)
  A gnoll zombie (Ossuary)
  11 goblins
  8 hobgoblins
  3 jackals (D:4)
  7 quokkas
  2 ball pythons (D:3)
  A ball python skeleton (D:4)
  3 frilled lizards
  4 goblin zombies (Ossuary)
  4 hobgoblin zombies (Ossuary)
  2 jackal zombies (Ossuary)
  16 kobolds
  5 kobold zombies (Ossuary)
  An orc zombie (Ossuary)
  4 quokka zombies (Ossuary)
  11 rats
  A rat zombie (Ossuary)
454 creatures vanquished.

Vanquished Creatures (others)
  The ghost of Sanvar the Stormcaller, a journeyman TeAE of Ru (Lair:4)
  A hydra (D:11)
  A death yak (Lair:4)
  An oklob plant (Lair:3)
  A guardian serpent (Lair:3)
  2 humans (Lair:4)
  7 fungi
  8 plants
22 creatures vanquished.

Grand Total: 476 creatures vanquished

Notes
Turn   | Place    | Note
-------+----------+-------------------------------------------
     0 | Abyss:1  | Gargoyl the Ghoul Abyssal Knight began the quest for the Orb.
     0 | Abyss:1  | Reached XP level 1. HP: 19/19 MP: 1/1
    81 | Abyss:1  | Noticed a raiju
    84 | D:1      | Escaped the Abyss
   459 | D:1      | Reached skill level 2 in Armour
   459 | D:1      | Reached XP level 2. HP: 26/26 MP: 2/2
   463 | D:1      | Reached * piety under Lugonu
   778 | D:1      | Reached skill level 1 in Dodging
   953 | D:1      | Reached XP level 3. HP: 20/31 MP: 3/3
  1257 | D:2      | Found a deep blue altar of Sif Muna.
  1300 | D:2      | Found a shadowy altar of Dithmenos.
  1330 | D:2      | Noticed an earth elemental
  1332 | D:2      | Found a stormy altar of Qazlal.
  1337 | D:2      | Noticed a fire elemental
  1341 | D:2      | Noticed a water elemental
  1341 | D:2      | Noticed an air elemental
  1473 | D:2      | Found an opulent altar of Gozag.
  1557 | D:2      | Reached XP level 4. HP: 37/40 MP: 3/5
  2177 | D:2      | Reached XP level 5. HP: 45/46 MP: 6/6
  2241 | D:2      | Reached ** piety under Lugonu
  2420 | D:3      | Reached skill level 3 in Armour
  3277 | D:4      | Reached XP level 6. HP: 51/52 MP: 7/7
  3640 | D:4      | Found a white marble altar of Elyvilon.
  3716 | D:4      | Found a snail-covered altar of Cheibriados.
  3777 | D:4      | Reached skill level 1 in Polearms
  3919 | D:4      | Reached *** piety under Lugonu
  4057 | D:4      | Reached skill level 4 in Armour
  4057 | D:4      | Reached XP level 7. HP: 44/60 MP: 8/8
  4114 | D:4      | Found a basalt altar of Yredelemnul.
  4459 | D:5      | Entered Level 5 of the Dungeon
  4680 | D:5      | Reached skill level 5 in Armour
  4680 | D:5      | Reached XP level 8. HP: 44/67 MP: 10/10
  4752 | D:5      | Found a glowing golden altar of the Shining One.
  4962 | D:5      | Reached skill level 1 in Shields
  5172 | D:5      | Reached skill level 5 in Fighting
  5358 | D:5      | Reached **** piety under Lugonu
  5506 | D:5      | Reached skill level 6 in Armour
  5577 | D:5      | Reached skill level 5 in Invocations
  5617 | D:5      | Noticed Sigmund
  5627 | D:5      | Killed Sigmund
  5715 | D:5      | Reached XP level 9. HP: 73/74 MP: 12/12
  5772 | D:6      | Found a staircase to the Ecumenical Temple.
  5790 | D:6      | Found a snail-covered altar of Cheibriados.
  6030 | D:6      | Found Yhuix Ythawn's Food Shoppe.
  6039 | D:6      | Found Kutur's Armour Emporium.
  6155 | D:6      | Found a sparkling altar of Nemelex Xobeh.
  6194 | D:6      | Found Garif's General Store.
  6347 | D:6      | Found Askigred's Jewellery Boutique.
  6367 | D:6      | Bought a +3 ring of dexterity for 188 gold pieces
  6388 | D:6      | Found Upsoruw's Distillery.
  6396 | D:6      | Bought a potion of heal wounds for 65 gold pieces
  6694 | D:7      | Reached skill level 5 in Polearms
  7043 | D:7      | Reached skill level 7 in Armour
  7732 | D:7      | Reached XP level 10. HP: 72/80 MP: 12/14
  7989 | D:8      | Found a shimmering altar of Xom.
  7995 | D:8      | Identified the Incunabulum of Poison
  8028 | D:8      | Found a sand-covered staircase.
  8035 | Ossuary  | Entered an ossuary
  8086 | Ossuary  | Reached ***** piety under Lugonu
  8762 | D:8      | Found a shimmering altar of Xom.
  8762 | D:8      | Found a shimmering altar of Xom.
  8766 | D:8      | Found a shimmering altar of Xom.
  8766 | D:8      | Found a shimmering altar of Xom.
  8766 | D:8      | Found a shimmering altar of Xom.
  8766 | D:8      | Found a shimmering altar of Xom.
  9255 | D:9      | Found Feogug's Gadget Shop.
  9316 | D:9      | Reached skill level 8 in Armour
  9343 | D:9      | Found a basalt altar of Yredelemnul.
  9427 | D:9      | Found a bloodstained altar of Trog.
  9428 | D:9      | Found a sacrificial altar of Ru.
  9528 | D:9      | Found a staircase to the Orcish Mines.
  9528 | D:9      | Noticed Grum
  9613 | D:9      | Killed Grum
  9945 | D:9      | Noticed Maurice
  9947 | D:9      | Noticed a wolf spider
  9955 | D:9      | Noticed a stone giant
  9956 | D:9      | Noticed a four-headed hydra
  9962 | D:9      | Killed a wolf spider
  9962 | D:9      | Reached skill level 5 in Axes
  9973 | D:10     | Entered Level 10 of the Dungeon
  9990 | D:10     | Reached XP level 11. HP: 40/91 MP: 15/15
 10084 | D:9      | Banished a stone giant
 10191 | D:9      | Killed a four-headed hydra
 10339 | D:9      | Reached skill level 9 in Armour
 10811 | D:10     | Noticed a hill giant
 10842 | D:10     | Killed a hill giant
 11591 | D:11     | Reached ****** piety under Lugonu
 11606 | D:11     | Noticed a hill giant
 11639 | D:11     | Killed a hill giant
 11739 | D:11     | Found a staircase to the Lair.
 11870 | D:11     | Noticed an eight-headed hydra
 11870 | D:11     | Identified a scroll of acquirement
 11871 | D:11     | Got a warped cloak
 11881 | D:11     | Banished an eight-headed hydra
 11881 | D:11     | Reached skill level 5 in Shields
 11919 | D:11     | Identified the +0 cloak "Gues" {+Fly rC- Dex+5} (You acquired it on level 11 of the Dungeon)
 12302 | Lair:1   | Entered Level 1 of the Lair of Beasts
 12340 | Lair:1   | Reached XP level 12. HP: 43/100 MP: 17/17
 12518 | Lair:1   | Reached skill level 10 in Armour
 13745 | Lair:2   | Found a staircase to the Shoals.
 14388 | Lair:3   | Noticed a four-headed hydra
 14411 | Lair:3   | Killed a four-headed hydra
 15141 | Lair:4   | Noticed Nessos
 15368 | Lair:4   | Noticed Harold
 15387 | Lair:4   | Banished Harold
 15399 | Lair:4   | Killed Nessos
 15399 | Lair:4   | Reached skill level 10 in Invocations
 15527 | Lair:4   | Noticed a four-headed hydra
 15548 | Lair:4   | Killed a four-headed hydra
 15666 | Lair:4   | Noticed Sanvar's ghost (journeyman TeAE)
 15707 | Lair:4   | Banished Sanvar's ghost
 15707 | Lair:4   | Reached XP level 13. HP: 52/110 MP: 14/20
 15745 | Lair:4   | Noticed Urug
 15798 | Lair:4   | Reached skill level 11 in Armour
 15853 | Lair:4   | Noticed Kirke
 15897 | Lair:4   | Killed Kirke
 16537 | Lair:4   | Found a staircase to the Snake Pit.
 17333 | Lair:4   | Killed Urug
 17711 | Lair:4   | Got the ring of the Lily {+Fly}
 18038 | Lair:5   | Found a staircase to the Slime Pits.
 18141 | Lair:5   | Reached skill level 1 in Evocations
 18827 | Lair:6   | Entered Level 6 of the Lair of Beasts
 19042 | Lair:6   | Got a faintly glowing hand crossbow
 19043 | Lair:6   | Identified the cursed +1 hand crossbow of Plunder {penet, MR+ Int+3} (You found it on level 6 of the Lair of Beasts)
 19081 | Lair:6   | Reached skill level 12 in Armour
 19110 | Lair:6   | HP: 5/111 [eight-headed hydra (4)]
 19110 | Lair:6   | Slain by an eight-headed hydra

Skill      XL: |  1  2  3  4  5  6  7  8  9 10 11 12 13 |
---------------+----------------------------------------+-----
Armour         | 2 3 4 5 6 7 8 9 10 12 | 12.0
Axes           | 2 3 5 |  5.1
Dodging        | 1 2 |  2.6
Fighting       | 4 5 6 7 8 9 |  9.4
Invocations    | 3 4 5 6 7 9 10 11 | 11.4
Polearms       | 1 3 4 6 8 9 |  9.6
Shields        | 1 2 3 5 6 7 |  7.4
Evocations     | 1 |  1.0
Throwing       | |  0.5

Action                   |  1- 3 |  4- 6 |  7- 9 | 10-12 | 13-15 || total
-------------------------+-------+-------+-------+-------+-------++-------
Melee: Hand axe          |   130 |   147 |       |   124 |       ||   401
       Spear             |       |   119 |   580 |  1168 |   583 ||  2450
       War axe           |       |       |       |   199 |       ||   199
Throw: Tomahawk          |       |       |       |     2 |    10 ||    12
       Javelin           |       |       |       |       |     8 ||     8
Invok: Depart the Abyss  |     1 |       |       |       |       ||     1
       Banish            |       |       |       |     9 |     7 ||    16
       Bend Space        |       |       |       |     1 |     1 ||     2
 Abil: Evoke Flight      |       |       |       |       |     2 ||     2
Evoke: Wand              |       |       |       |       |     5 ||     5
  Use: Scroll            |     4 |     3 |    11 |    16 |     7 ||    41
       Potion            |       |       |       |     5 |    10 ||    15
 Stab: Invisible         |       |       |       |       |     7 ||     7
  Eat: Chunk             |    18 |    30 |    48 |   136 |    58 ||   290
       Meat ration       |       |       |       |     1 |       ||     1
Armor: Leather armour    |    45 |       |       |       |       ||    45
       Chain mail        |     3 |   220 |   156 |       |       ||   379
       Plate armour      |       |       |   163 |   828 |   255 ||  1246
Dodge: Dodged            |    92 |   116 |   146 |   208 |   107 ||   669
Block: Buckler           |       |    14 |    89 |       |       ||   103
       Shield            |       |       |     8 |   648 |   269 ||   925
